 Dungeon Crawl Stone Soup version 0.22-a0-422-g9628fc8 (webtiles) character file.

34 CapnJeff the Skirmisher (level 3, -8/29 HPs)
             Began as a Demonspawn Abyssal Knight on May 22, 2018.
             Was a Follower of Lugonu.
             Shot with an arrow by a centaur (9 damage)
             ... on level 2 of the Dungeon.
             The game lasted 00:04:25 (1328 turns).

CapnJeff the Skirmisher (Demonspawn Abyssal Knight) Turns: 1328, Time: 00:04:25

Health: -8/29      AC:  3    Str: 13    XL:     3   Next: 14%
Magic:  4/5        EV: 11    Int: 13    God:    Lugonu [*.....]
Gold:   98         SH:  0    Dex: 12    Spells: 2/2 levels left

rFire    . . .     SeeInvis .   a - +1 falchion
rCold    + . .     Gourm    .   (no shield)
rNeg     . . .     Faith    .   b - +0 leather armour
rPois    .         Spirit   .   (no helmet)
rElec    .         Reflect  .   (no cloak)
rCorr    .         Harm     .   (no gloves)
MR       .....                  (no boots)
Stlth    +.........             (no amulet)
HPRegen  0.09/turn              (no ring)
MPRegen  0.09/turn              (no ring)

@: no status effects
A: cold resistance 1, rot immunity, subdued magic 1
a: Depart the Abyss, Renounce Religion


You were on level 2 of the Dungeon.
You worshipped Lugonu.
Lugonu was aware of your devotion.
You were hungry.

You visited 1 branch of the dungeon, and saw 2 of its levels.
You visited the Abyss 1 time.

You collected 98 gold pieces.

Inventory:

Hand Weapons
 a - a +1 falchion (weapon)
Armour
 b - a +0 leather armour (worn)
Scrolls
 d - a scroll of identify
 e - a scroll of remove curse
 f - 2 scrolls of blinking {unknown}
 i - a scroll of enchant armour {unknown}
Potions
 h - a potion of curing
 k - a potion of mutation {unknown}
Comestibles
 c - 4 rations


   Skills:
 * Level 3.5 Fighting
 * Level 2.3 Long Blades
 * Level 2.0 Armour
 - Level 0.8 Dodging
 - Level 0.4 Stealth
 * Level 2.7 Invocations


You had 2 spell levels left.
You didn't know any spells.
Your spell library was empty.

Dungeon Overview and Level Annotations

Branches:
Dungeon (2/15)

Altars:


Innate Abilities, Weirdness & Mutations

Your flesh is cold resistant. (rC+)
You are immune to rotting.
Your spells are a little easier to cast, but a little less powerful.


Message History

an arrow; a scroll labeled ASTOHEPLEI It was a potion of magic.
Magic courses through your body. The quokka closely misses you.
It was a potion of curing.
You feel better.
The centaur unwields an uncursed shortbow.
The centaur hits you. The quokka bites you. The centaur hits you!
* * * LOW HITPOINT WARNING * * *
Okay, then.
As you read the scroll labeled FIMPAXZIQIP, it crumbles to dust.
It is a scroll of identify.
e - a scroll of remove curse The quokka barely misses you.
You riposte.
You hit the quokka but do no damage.
The centaur hits you but does no damage.
The centaur wields an uncursed shortbow.
The centaur shoots an arrow.
The arrow barely misses you. The quokka closely misses you.
You riposte.
You hit the quokka.
You kill the quokka!
Lugonu accepts your kill.
The centaur shoots an arrow.
The arrow hits you!
You die...

#...................
#.......###.........
####.#### #.........
#....# ......[...
##########....#.. ..
#......(.(....#..
#...............#
#.........(...#.#
#........@........
#...............^.
#........(.....###
...[......c......
............[....
................
...............
.$...####......
..... ......


You could see a centaur.

Vanquished Creatures
  An ooze (D:2)
  A worm (D:1)
  A leopard gecko (D:1)
  2 bats
  3 goblins (D:2)
  3 hobgoblins (D:1)
  7 jackals (D:2)
  A quokka (D:2)
  A kobold (D:2)
  A rat (D:2)
21 creatures vanquished.

Notes
Turn   | Place    | Note
-------+----------+-------------------------------------------
     0 | Abyss:1  | CapnJeff the Demonspawn Abyssal Knight began the quest for the Orb.
     0 | Abyss:1  | Reached XP level 1. HP: 18/18 MP: 2/2
    25 | Abyss:1  | Found a corrupted altar of Lugonu.
    85 | Abyss:1  | Noticed a cacodemon
    86 | Abyss:1  | Noticed a cacodemon
    89 | Abyss:1  | Gained mutation: Your spells are a little easier to cast, but a little less powerful. [a cacodemon]
    92 | D:1      | Escaped the Abyss
   621 | D:1      | Gained mutation: You are immune to rotting. [demonic ancestry]
   621 | D:1      | Reached XP level 2. HP: 24/24 MP: 3/3
   908 | D:2      | Reached * piety under Lugonu
  1071 | D:2      | Gained mutation: Your flesh is cold resistant. (rC+) [demonic ancestry]
  1071 | D:2      | Reached XP level 3. HP: 7/29 MP: 4/4
  1316 | D:2      | Noticed a centaur
  1325 | D:2      | HP: 1/29 [centaur (8)]
  1328 | D:2      | Shot with an arrow by a centaur

Vault maps used:
D:1:      evilmike_arrival_run_for_it
D:2:      uniq_sigmund

Skill      XL: |  1  2 |
---------------+-------+-----
Long Blades    | 2 |  2.3
Armour         | 2 |  2.0
Fighting       | |  3.5
Dodging        | |  0.8
Stealth        | |  0.4
Invocations    | |  2.7

Action                   || total
-------------------------++-------
Melee: Falchion          ||    73
Invok: Depart the Abyss  ||     1
  Use: Potion            ||     2
       Scroll            ||     1
 Stab: Sleeping          ||     1
  Eat: Chunk             ||     1
Armor: Leather armour    ||    37
Dodge: Dodged            ||    80
       Rpst.: Falchion   ||    20

Table legend:
 A = Spawn XP
 B = Non-spawn XP
 C = Spawn XP percentage of total XP
 D = Spawn monster count
 E = Non-spawn monster count
 F = Spawn count percentage of total count
 G = Total turns spent on level
                    A         B        C        D         E        F      G
               +---------+---------+-------+---------+---------+-------+---------
         Total |       0 |      49 |   0.0 |       0 |      21 |   0.0 |  1328
               +---------+---------+-------+---------+---------+-------+---------
           D:1 |       0 |      16 |   0.0 |       0 |       6 |   0.0 |   776
           D:2 |       0 |      33 |   0.0 |       0 |      15 |   0.0 |   460
               +---------+---------+-------+---------+---------+-------+---------
